 Dungeon Crawl Stone Soup version 0.30-a0-840-ga523dec638 (webtiles) character file.

Game seed: 8345434264066491128

70 jimonade the Trooper (level 4, 0/45 HPs)
             Began as an Ogre Warper on Mar 1, 2023.
             Slain by Grinder (2 damage)
             ... on level 3 of the Dungeon.
             The game lasted 00:04:07 (2508 turns).

jimonade the Trooper (Ogre Warper)                  Turns: 2508, Time: 00:04:08

Health: 0/45       AC: 10    Str: 15    XL:     4   Next: 22%
Magic:  8/8        EV: 10    Int: 14    God:
Gold:   59         SH:  0    Dex: 10    Spells: 8/8 levels left

rFire   . . .      SeeInvis .    a - +0 dagger (protect)
rCold   . . .      Faith    .    (no shield)
rNeg    . . .      Spirit   .    k - +0 animal skin
rPois   .          Reflect  .    (helmet restricted)
rElec   .          Harm     .    (no cloak)
rCorr   .          Rampage  .    (gloves unavailable)
Will    .....                    (boots unavailable)
Stlth   +                        (no amulet)
HPRegen 0.27/turn                (no ring)
MPRegen 0.11/turn                (no ring)

@: under a protective aura
A: large, unfitting armour, tough skin 1
a: no special abilities


You were on level 3 of the Dungeon.
You visited 1 branch of the dungeon, and saw 3 of its levels.

You collected 59 gold pieces.

Inventory:

Hand Weapons
 a - a +0 dagger of protection (weapon)
 j - a +0 mace
 l - a +0 quarterstaff
Missiles
 d - 7 boomerangs of dispersal (quivered)
Armour
 b - a +0 robe
 k - a +0 animal skin (worn)
Scrolls
 c - a scroll of blinking
 e - 2 scrolls of identify {unknown}
 f - a scroll of vulnerability {unknown}
 h - a scroll of enchant weapon {unknown}
Potions
 g - a potion of resistance {unknown}
 i - 2 potions of curing {unknown}


   Skills:
 + Level 3.4 Fighting
 + Level 0.1 Short Blades
 + Level 2.2 Maces & Flails
 + Level 1.0 Throwing
 + Level 2.4 Dodging
 + Level 0.1 Stealth
 * Level 2.9 Spellcasting
 * Level 3.3 Translocations


You had 8 spell levels left.
You didn't know any spells.
Your spell library contained the following spells:

 Spells                   Type           Power      Damage    Failure   Level
 Blink                    Tloc           22%        N/A       9%          2
 Lesser Beckoning         Tloc           22%        N/A       9%          2
 Teleport Other           Tloc           11%        N/A       16%         3
 Freeze                   Ice            8%         1d3       22%         1
 Vhi's Electric Charge    Tloc/Air       12%        N/A       32%         3
 Manifold Assault         Tloc           11%        N/A       47%         4
 Frozen Ramparts          Ice            4%         1d1       54%         3
 Hailstorm                Conj/Ice       2%         3d3       54%         3
 Inner Flame              Hex/Fire       2%         N/A       54%         3
 Ozocubu's Armour         Ice            2%         N/A       54%         3
 Flame Wave               Conj/Fire      2%         2d4       91%         4
 Sticky Flame             Conj/Fire      2%         2d3       91%         4
 Metabolic Englaciation   Hex/Ice        1%         N/A       99%         5
 Simulacrum               Ice/Necr       1%         N/A       100%        6


Dungeon Overview and Level Annotations

Branches:
Dungeon (3/15)

Altars:

Annotations:
D:3 Grinder


Innate Abilities, Weirdness & Mutations

You are too large for most types of armour.
You have tough skin. (AC +1)


Message History

The quokka barely misses you.
You hit the quokka.
You kill the quokka!
You hit Grinder.
Grinder is lightly wounded.
Grinder barely misses you.
You closely miss Grinder.
Grinder is lightly wounded.
Grinder blinks!
Grinder attacks as you move away! Grinder hits you.
* * * LOW HITPOINT WARNING * * *
The giant cockroach closely misses you. Grinder gestures at you.
Pain shoots through your body!
* * * LOW HITPOINT WARNING * * *
You see here a quokka corpse.
You closely miss the giant cockroach. The giant cockroach bites you.
* * * LOW HITPOINT WARNING * * *
The giant cockroach closely misses you.
You hit Grinder.
Grinder is lightly wounded.
Grinder hits you but does no damage. The giant cockroach barely misses you.
You closely miss Grinder.
Grinder is lightly wounded.
Grinder gestures at you. Pain shoots through your body!
* * * LOW HITPOINT WARNING * * *
The giant cockroach completely misses you.
You closely miss Grinder.
Grinder is lightly wounded.
The giant cockroach bites you but does no damage.
Grinder barely misses you.
You hit Grinder.
Grinder is lightly wounded.
The giant cockroach bites you but does no damage.
Grinder hits you but does no damage.
You closely miss Grinder.
Grinder is lightly wounded.
The giant cockroach barely misses you. Grinder hits you.
You die...

## # ... #. ...#
#.##### .#
....###.5@B# .#
#..#.#.###.# .###
#.......#.#.# ...
#.......B###.#.#
#.......## ##..#
##.......###.#.#
#......#B#.B..#
#.#....##.#....#
#............#....


You could see Grinder and a giant cockroach.

Vanquished Creatures
  Robin (D:2)
  2 adders (D:2)
  A dart slug (D:2)
  3 ball pythons (D:1)
  2 endoplasms
  A giant cockroach (D:2)
  10 goblins (D:1)
  4 hobgoblins
  4 kobolds
  A quokka (D:3)
  A bat (D:2)
  4 frilled lizards
  5 rats
39 creatures vanquished.

Notes
Turn   | Place    | Note
-------+----------+-------------------------------------------
     0 | D:1      | jimonade the Ogre Warper began the quest for the Orb.
     0 | D:1      | Reached XP level 1. HP: 22/22 MP: 3/3
   298 | D:1      | Reached XP level 2. HP: 31/31 MP: 5/5
  1070 | D:2      | Noticed Robin
  1322 | D:1      | Reached XP level 3. HP: 22/37 MP: 6/6
  1717 | D:2      | Killed Robin
  2171 | D:2      | Reached XP level 4. HP: 41/45 MP: 8/8
  2470 | D:3      | Noticed Grinder
  2473 | D:3      | Paralysed by Grinder for 5 turns
  2505 | D:3      | HP: 1/45 [Grinder/nerve-wracking pain (4)]
  2508 | D:3      | Slain by Grinder

Illustrated notes

Levels and vault maps discovered:
D:1:      tarquinn_simple_flora_water_b, layout_basic, minivault_4
D:2:      layout_loops_cross, uniq_robin
D:3:      layout_loops_ring, lemuel_blue_sif_altar, serial_shops, shop,
          hellmonk_ecumenical_altar_pennies_from_heaven, uniq_grinder,
          uniq_jessica, uniq_terence

Skill      XL: |  1  2 |
---------------+-------+-----
Fighting       | 3 |  3.4
Translocations | 3 |  3.3
Maces & Flails | 2 |  2.2
Short Blades   | |  0.1
Throwing       | |  1.0
Dodging        | |  2.4
Stealth        | |  0.1
Spellcasting   | |  2.9

Action                     |  1- 3 |  4- 6 || total
---------------------------+-------+-------++-------
  Melee: Mace              |    77 |       ||    77
         Dagger            |    77 |    52 ||   129
   Stab: Sleeping          |     1 |       ||     1
 Armour: Robe              |    41 |       ||    41
         Animal skin       |    25 |    22 ||    47
  Dodge: Dodged            |    80 |    26 ||   106

Table legend: (Time is in decaauts)
 A = Elapsed time spent in this place.
 B = Non-inter-level travel time spent in this place.
 C = Inter-level travel time spent in this place.
 D = Time resting spent in this place.
 E = Time spent auto-exploring this place.
 F = Levels seen in this place.
 G = Mean time per level.
                   A        B        C        D        E       F      G
               +--------+--------+--------+--------+--------+-----+--------+
         Total |   2537 |   2404 |    133 |    372 |   1482 |   3 |  845.7 |
       Dungeon |   2537 |   2404 |    133 |    372 |   1482 |   3 |  845.7 |
               +--------+--------+--------+--------+--------+-----+--------+

Top non-repeatable levels by time:
     D:1: 1673 daAuts
     D:2: 826 daAuts
     D:3: 37 daAuts
